 Dungeon Crawl Stone Soup version 0.25-a0-398-g1920f1ac21 (webtiles) character file.

Game seed: 9055880615205220182, levelgen mode: deterministic

1429 MordorOrchid the Cleaver (level 8, -6/58 HPs)
             Began as a Demonspawn Chaos Knight on Jan 8, 2020.
             Was a Plaything of Xom.
             Mangled by Menkaure (10 damage)
             ... on level 6 of the Dungeon.
             The game lasted 00:15:49 (4415 turns).

MordorOrchid the Cleaver (Demonspawn Chaos Knight)  Turns: 4415, Time: 00:15:50

Health: -6/58      AC: 19    Str: 15    XL:     8   Next: 44%
Magic:  8/8        EV:  7    Int: 14    God:    Xom [...*..]
Gold:   44         SH:  0    Dex: 12    Spells: 6/7 levels left

rFire    . . .     SeeInvis .   a - +0 hand axe (chaos)
rCold    . . .     Gourm    +   (no shield)
rNeg     . . .     Faith    .   p - +0 chain mail
rPois    .         Spirit   .   r - +0 helmet
rElec    .         Reflect  .   y - +1 cloak
rCorr    .         Harm     .   D - +1 pair of gloves
MR       .....                  k - +0 pair of boots
Stlth    ..........             v - amulet of the gourmand
HPRegen  0.19/turn              s - ring of wizardry
MPRegen  0.11/turn              (no ring)

@: cleaving, berserk cooldown, slowed, very slow
A: claws 2, yellow scales 1, powered by pain 1, screaming 1
a: Renounce Religion


You were on level 6 of the Dungeon.
You worshipped Xom.
You were a favourite toy of Xom.
You were not hungry.

You visited 1 branch of the dungeon, and saw 6 of its levels.

You collected 224 gold pieces.
You spent 180 gold pieces at shops.

Inventory:

Hand Weapons
 a - a +0 hand axe of chaos (weapon)
 j - a +2 hunting sling of velocity
 q - a +1 hand axe of flaming
 F - a +0 war axe
Missiles
 f - 54 arrows
 g - 110 stones
 m - 65 bolts
 n - 33 poisoned darts (quivered)
Armour
 b - a +2 leather armour
 k - a +0 pair of boots (worn)
 p - a +0 chain mail (worn)
 r - a +0 helmet (worn)
 y - a +1 cloak (worn)
 D - a +1 pair of gloves (worn)
Magical Staves
 x - an uncursed staff of fire
 z - an uncursed staff of wizardry
Jewellery
 s - a ring of wizardry (left hand)
 v - an amulet of the gourmand (around neck)
Wands
 A - a wand of random effects (16)
Scrolls
 l - a scroll of acquirement {unknown}
 o - a scroll of teleportation {unknown}
 w - a scroll of enchant armour
 B - a scroll of fear {unknown}
 E - 3 scrolls of noise
 G - a scroll of vulnerability {unknown}
Potions
 e - a potion of lignification
 h - 2 potions of curing
 i - a potion of brilliance
 t - a potion of flight {unknown}
 u - a potion of cancellation {unknown}
 H - a potion of magic
Comestibles
 c - 7 rations


   Skills:
 - Level 3.0 Fighting
 + Level 8.2 Axes
 * Level 6.0 Armour
 - Level 0.8 Dodging


You had 6 spell levels left.
You knew the following spells:

 Your Spells              Type           Power        Failure   Level  Hunger
u - Animate Skeleton      Necr           N/A          86%         1    ##.....

Your spell library contained the following spells:

 Spells                   Type           Power        Failure   Level  Hunger
 Apportation              Tloc           #.....       86%         1    ##.....
 Beastly Appendage        Tmut           #.....       86%         1    ##.....
 Corona                   Hex            #......      86%         1    ##.....
 Summon Small Mammal      Summ           #...         86%         1    ##.....
 Slow                     Hex            #.......     94%         2    ###....
 Sticks to Snakes         Tmut           #.......     94%         2    ###....
 Inner Flame              Hex/Fire       #.......     99%         3    ####...
 Portal Projectile        Hex/Tloc       #.....       99%         3    ####...
 Spider Form              Tmut/Pois      #.........   99%         3    ####...
 Cause Fear               Hex            #.........   100%        4    #####..
 Ice Form                 Ice/Tmut       #.......     100%        4    #####..
 Leda's Liquefaction      Hex/Erth       #.........   100%        4    #####..
 Blade Hands              Tmut           #.........   100%        5    ######.


Dungeon Overview and Level Annotations

Branches:
Dungeon (6/15)             Temple (0/1) D:4

Altars:
Dithmenos
Elyvilon
Trog
Xom

Shops:
D:4 [

Annotations:
D:4 exclusion: upstairs
D:6 Menkaure


Innate Abilities, Weirdness & Mutations

You have very sharp fingernails.
You are partially covered in yellow scales. (AC +2)
You sometimes gain a little power by taking damage.
You occasionally shout uncontrollably at your foes.


Message History

* * * LOW HITPOINT WARNING * * *
Your quasit bites the ogre.
Your quasit claws the ogre. x2
Evoke which item? (* to show all) (? for menu, Esc to quit)
Aiming: Random Effects
Press: ? - help, Shift-Dir - straight line, f - ogre
Aim: an ogre, wielding a +0 giant spiked club (almost dead) Nothing appears to happen.
Something hits you but does no damage.
Your quasit bites the ogre.
The ogre dies!
Your Armour skill increases to level 6!
Something hits you.
* * * LOW HITPOINT WARNING * * *
Unknown command.
You miss something. Something hits you but does no damage.
Something calls on the powers of darkness!
Your body is wracked with pain!
* * * LOW HITPOINT WARNING * * *
Unknown command.
You miss something. Something hits you!
You die...

.$.......>.....#.##
#. .##...# #.. # #.
.#.....# ##..
.##.###.##...##
##.## ....... ##.##
#.### #....# .#
##.## #.)..# .#
##.# #{5.# +# ##.
#@#.# # ####5#[# #
##5.55#.. .. ##
##.5#######.. ###.
#......# ... ....
##.....#.........
###.
##.#..#.#....... #.
####)...# ..... ##.
#.......# ...# #..


You could see a friendly iron imp, 2 friendly quasits and a friendly ufetubus.

Vanquished Creatures
  Sigmund (D:3)
  2 ice beasts
  A necrophage (D:6)
  2 phantoms
  3 ogres
  A centaur (D:5)
  A bullfrog (D:6)
  A scorpion (D:4)
  A bullfrog zombie (D:4)
  An orc priest (D:3)
  A hound (D:6)
  An iguana (D:4)
  3 worker ants
  A hound skeleton (D:4)
  Robin (D:2)
  3 adders (D:4)
  2 adder skeletons (D:6)
  3 worms
  2 dart slugs (D:3)
  3 leopard geckos
  4 orcs (D:3)
  6 bats
  8 giant cockroaches
  20 goblins
  7 hobgoblins
  4 jackals (D:3)
  8 kobolds
  A ball python (D:2)
  2 frilled lizards
  A jackal zombie (D:5)
  A leopard gecko skeleton (D:4)
  A quokka zombie (D:5)
  7 rats
104 creatures vanquished.

Vanquished Creatures (collateral kills)
  An ogre (D:6)
1 creature vanquished.

Vanquished Creatures (others)
  A scorpion (D:4)
1 creature vanquished.

Grand Total: 106 creatures vanquished

Notes
Turn   | Place    | Note
-------+----------+-------------------------------------------
     0 | D:1      | MordorOrchid the Demonspawn Chaos Knight began the quest
                  | for the Orb.
     0 | D:1      | Reached XP level 1. HP: 18/18 MP: 1/1
   120 | D:1      | Reached skill level 3 in Axes
   151 | D:1      | Gained mutation: You sometimes gain a little power by
                  | taking damage. [demonic ancestry]
   151 | D:1      | Reached XP level 2. HP: 24/24 MP: 2/2
   177 | D:1      | XOM: harmless Fire miscast
   529 | D:1      | XOM: divination: detect creatures
   605 | D:1      | XOM: cloud trail
   726 | D:2      | XOM: stealth player
   791 | D:2      | Gained mutation: You have sharp fingernails. [demonic
                  | ancestry]
   791 | D:2      | Reached XP level 3. HP: 29/29 MP: 3/3
   829 | D:2      | XOM: cloud trail
   982 | D:2      | Noticed Robin
   993 | D:2      | Killed Robin
  1015 | D:2      | XOM: medium Erth miscast
  1052 | D:2      | Learned a level 1 spell: Animate Skeleton
  1426 | D:3      | Noticed an ogre
  1430 | D:3      | Killed an ogre
  1430 | D:3      | Reached skill level 4 in Axes
  1430 | D:3      | Reached XP level 4. HP: 35/35 MP: 4/4
  1430 | D:3      | Reached XP level 5. HP: 41/41 MP: 5/5
  1627 | D:3      | Noticed Sigmund
  1642 | D:3      | Killed Sigmund
  1642 | D:3      | Reached skill level 5 in Axes
  1642 | D:3      | Gained mutation: You are partially covered in yellow
                  | scales. (AC +2) [demonic ancestry]
  1642 | D:3      | Reached XP level 6. HP: 36/47 MP: 6/6
  1757 | D:3      | XOM: give mutations
  1757 | D:3      | Gained mutation: You occasionally shout uncontrollably at
                  | your foes. [Xom's mischief]
  1757 | D:3      | Gained mutation: Scrolls take you a little longer to read.
                  | [Xom's mischief]
  1757 | D:3      | Lost mutation: Scrolls take you a little longer to read.
                  | [Xom's mischief]
  1767 | D:3      | Found a faded altar of an unknown god.
  1878 | D:3      | Found a white marble altar of Elyvilon.
  1893 | D:3      | XOM: butterfly on damage
  2370 | D:4      | XOM: scenery: create altars
  2473 | D:4      | XOM: god gift: 19 arrows
  2535 | D:4      | Found Eprigumu's Antique Armour Boutique.
  2622 | D:4      | Reached skill level 6 in Axes
  2622 | D:4      | Gained mutation: You have very sharp fingernails. [demonic
                  | ancestry]
  2622 | D:4      | Reached XP level 7. HP: 23/52 MP: 7/7
  2629 | D:4      | XOM: enchant monster (good)
  2899 | D:4      | XOM: scenery: create altars
  3109 | D:4      | Reached skill level 5 in Armour
  3143 | D:3      | Found a shadowy altar of Dithmenos.
  3251 | D:4      | Found a staircase to the Ecumenical Temple.
  3263 | D:4      | XOM: harmless Summ miscast
  3297 | D:4      | Bought a pair of runed gloves for 180 gold pieces
  3315 | D:5      | Entered Level 5 of the Dungeon
  3515 | D:5      | XOM: noise
  3527 | D:5      | Reached skill level 7 in Axes
  3535 | D:5      | Found a bloodstained altar of Trog.
  3860 | D:5      | XOM: harmless Tmut miscast
  3898 | D:5      | XOM: god gift: scroll labeled YGEOSE QEDEXU {god gift}
  3990 | D:5      | XOM: cast spell 'Death Channel'
  4007 | D:5      | Reached XP level 8. HP: 43/58 MP: 8/8
  4213 | D:6      | Found a runed translucent door.
  4213 | D:6      | XOM: 6-stop teleportation journey
  4298 | D:6      | XOM: scenery: 1 doors open
  4331 | D:6      | Reached skill level 8 in Axes
  4388 | D:6      | Noticed Menkaure
  4393 | D:6      | XOM: summons 6 friendly demons
  4401 | D:6      | XOM: cleaving
  4415 | D:6      | Mangled by Menkaure

Levels and vault maps discovered:
D:1:      minmay_arrival_three_doors, layout_loops_ring
D:2:      layout_loops_ring, uniq_robin
D:3:      lemuel_upstairs_altar, layout_basic, lemuel_crystal_altar,
          chequers_ecumenical_altar_simple_redux, uniq_sigmund
D:4:      layout_rooms, minmay_temple_entry_fiery, serial_shops, shop
D:5:      layout_basic, first_ration, trog_three_pillars_becter
D:6:      layout_loops_corners, ebering_ghost_sewer_f, uniq_prince_ribbit1,
          uniq_edmund, uniq_menkaure, uniq_blork_the_orc

Skill      XL: |  1  2  3  4  5  6  7  8 |
---------------+-------------------------+-----
Armour         | 2 3 4 5 6 |  6.0
Axes           | 3 4 5 6 7 8 |  8.2
Fighting       | |  3.0
Dodging        | |  0.8

Action                   |  1- 3 |  4- 6 |  7- 9 || total
-------------------------+-------+-------+-------++-------
Melee: Hand axe          |    50 |    57 |   123 ||   230
 Fire: Hunting sling     |    69 |    56 |    81 ||   206
Throw: Dart              |       |       |     3 ||     3
 Cast: Animate Skeleton  |     2 |       |       ||     2
Evoke: Wand              |       |       |     2 ||     2
  Use: Scroll            |     3 |     2 |     6 ||    11
       Potion            |       |       |     4 ||     4
 Stab: Paralysed         |       |     2 |       ||     2
  Eat: Chunk             |     1 |     5 |     9 ||    15
Armor: Leather armour    |    13 |    28 |    17 ||    58
       Chain mail        |       |       |    61 ||    61
Dodge: Dodged            |    32 |    38 |    42 ||   112

Table legend:
 A = Non-vault XP
 B = Vault XP
 C = Vault XP percentage of total XP
 D = Non-vault monster count
 E = Vault monster count
 F = Vault count percentage of total count
                 A         B        C        D         E       F
            +---------+---------+-------+---------+---------+-------
      Total |    1784 |     258 |  12.6 |      94 |      12 |  11.3
            +---------+---------+-------+---------+---------+-------
        D:1 |      33 |       0 |   0.0 |      20 |       0 |   0.0
        D:2 |      19 |      35 |  64.8 |      13 |      11 |  45.8
        D:3 |     219 |     223 |  50.5 |      28 |       1 |   3.4
        D:4 |     551 |       0 |   0.0 |      16 |       0 |   0.0
        D:5 |     369 |       0 |   0.0 |       8 |       0 |   0.0
        D:6 |     593 |       0 |   0.0 |       9 |       0 |   0.0
            +---------+---------+-------+---------+---------+-------
